 Dungeon Crawl Stone Soup version 0.32-a0-818-gb728d0252e (console) character file.

Game seed: 15435004653193565413

68031 jejorda2 the Spear-Bearer (level 15, -2/180 HPs)
             Began as a Gnoll Berserker on Mar 24, 2024.
             Was an Elder of Trog.
             Slain by an entropy weaver (7 damage)
             ... on level 14 of the Dungeon on Mar 25, 2024.
             The game lasted 00:43:57 (17092 turns).

jejorda2 the Spear-Bearer (Gnoll Berserker)        Turns: 17092, Time: 00:43:57

Health: -2/180     AC:  9    Str: 23    XL:     15   Next: 25%
Magic:  29/29      EV: 14    Int:  6    God:    Trog [****..]
Gold:   1273       SH: 16    Dex: 13    Spells: 34/34 levels left

rFire   + + .        a - +8 trident {venom, rElec rPois}
rCold   + + .        O - +0 kite shield {rF+}
rNeg    . . .        G - +0 plate armour
rPois   +            f - +2 helmet "Vebyegh" {rElec Will+ Regen+}
rElec   +            J - +2 cloak of Viny Satisfaction {rC++}
rCorr   .            n - +2 pair of gloves
SInv    .            T - +2 pair of boots {rampage}
Will    ++...        Q - amulet of reflection Stlth
                     z - +5 ring of evasion
HPRegen 1.30/turn    y - ring of protection from fire
MPRegen 0.21/turn

%: reflection, rampage
@: berserking, corroded, studying Polearms, very quick
A: fangs 1, strong nose, distributed training
a: Renounce Religion, Berserk, Trog's Hand, Brothers in Arms


You were on level 14 of the Dungeon.
You worshipped Trog.
Trog was greatly pleased with you.
You visited 2 branches of the dungeon, and saw 19 of its levels.
You also visited: Volcano.

You collected 1273 gold pieces.

Inventory:

Hand Weapons
 a - the +8 trident of the Octopus King (weapon) {venom, rElec rPois}
   (You found it on level 3 of the Dungeon)

   rElec:     It insulates you from electricity.
   rPois:     It protects you from poison.
 C - a +1 trident
Missiles
 k - 14 poisoned darts (quivered)
 l - 3 throwing nets
 p - 2 curare-tipped darts
 q - 17 boomerangs
 w - 12 javelins
 H - 5 atropa-tipped darts
Armour
 f - the +2 helmet "Vebyegh" (worn) {rElec Will+ Regen+}
   (You found it on level 6 of the Dungeon)

   rElec:     It insulates you from electricity.
   Will+:     It increases your willpower.
   Regen+:    It increases your rate of health regeneration.
 n - a +2 pair of gloves (worn)
 G - a +0 plate armour (worn)
 J - the +2 cloak of Viny Satisfaction (worn) {rC++}
   (You found it on level 1 of the Lair of Beasts)

   rC++:      It greatly protects you from cold.
 O - a +0 kite shield of fire resistance (worn)
 T - a +2 pair of boots of rampaging (worn)
Jewellery
 y - a ring of protection from fire (right hand)
 z - a +5 ring of evasion (left hand)
 D - a ring of flight
 M - a ring of willpower
 Q - an amulet of reflection (around neck)
 S - the ring "Zaytev" {rN+ Int+6 Slay+2 SInv}
   (You found it on level 5 of the Lair of Beasts)

   [ring of intelligence]

   Int+6:     It affects your intelligence (+6).
   Slay+2:    It affects your accuracy & damage with ranged weapons and melee
   (+2).
   rN+:       It protects you from negative energy.
   SInv:      It lets you see invisible.
Wands
 i - a wand of flame (34)
 m - a wand of digging (6)
 o - a wand of acid (10)
 B - a wand of polymorph (14)
 R - a wand of roots (7)
Scrolls
 c - 2 scrolls of poison
 e - 7 scrolls of enchant weapon
 s - 8 scrolls of teleportation
 v - 3 scrolls of enchant armour
 x - 2 scrolls of butterflies
 F - 2 scrolls of blinking
 I - a scroll of fog
 K - 2 scrolls of silence
 N - 4 scrolls of revelation
 P - a scroll of amnesia {unknown}
Potions
 b - 2 potions of resistance
 d - 2 potions of enlightenment
 g - 3 potions of mutation
 h - 11 potions of curing
 j - 7 potions of heal wounds
 r - 4 potions of invisibility
 t - a potion of degeneration {unknown}
 u - 4 potions of attraction
 A - 3 potions of might
 E - 6 potions of ambrosia
 L - 3 potions of haste


   Skills:
 + Level 12.1 Fighting
 + Level 10.3 Short Blades
 + Level 10.3 Long Blades
 + Level 10.3 Axes
 + Level 10.3 Maces & Flails
 + Level 13.6 Polearms
 + Level 10.3 Staves
 + Level 10.3 Ranged Weapons
 + Level 10.3 Throwing
 + Level 11.2 Armour
 + Level 11.2 Dodging
 + Level 10.3 Stealth
 + Level 10.3 Shields
 + Level 10.3 Unarmed Combat
 + Level 10.3 Spellcasting
 + Level 8.6 Conjurations
 + Level 8.6 Hexes
 + Level 8.6 Summonings
 + Level 8.6 Necromancy
 + Level 8.6 Translocations
 + Level 8.6 Fire Magic
 + Level 8.6 Ice Magic
 + Level 8.6 Air Magic
 + Level 8.6 Earth Magic
 + Level 8.6 Alchemy
 + Level 11.2 Invocations
 + Level 10.3 Evocations
 + Level 9.4 Shapeshifting


You had 34 spell levels left.
You didn't know any spells.
Your spell library was empty.

Dungeon Overview and Level Annotations

Branches:
Dungeon (14/15)            Temple (0/1) D:6            Lair (5/5) D:9
 Shoals (0/4) Lair:3       Spider (0/4) Lair:2        Slime (0/5) Lair:5
    Orc (0/2) D:12        Volcano (visited)
 Vaults: D:13-14

Altars:
Cheibriados
Dithmenos
Fedhas
Gozag
Hepliaklqana
Kikubaaqudgha
Qazlal
Ru
Trog
Yredelemnul
Zin
Beogh
Jiyva

Shops:
D:8 *


Innate Abilities, Weirdness & Mutations

You have very sharp teeth.
Your uncanny sense of smell can sniff out nearby items.
Your experience applies equally to all skills.


Message History

You closely miss the entropy weaver.
The entropy weaver is lightly wounded.
You block the entropy weaver's attack. x2; The entropy weaver hits you.
* * * LOW HITPOINT WARNING * * *
The entropy weaver barely misses you.
You puncture the entropy weaver!
The entropy weaver looks as sick as possible!
The entropy weaver is moderately wounded.
You block the peacekeeper's attack. The peacekeeper barely misses you.
You hit the entropy weaver but do no damage.
The entropy weaver is moderately wounded.
You block the peacekeeper's attack. x2; The entropy weaver hits you!
* * * LOW HITPOINT WARNING * * *
The entropy weaver barely misses you.
The entropy weaver hits you but does no damage.
You block the entropy weaver's attack.
You puncture the entropy weaver!
The entropy weaver looks as sick as possible!
The entropy weaver is heavily wounded.
You hit the peacekeeper.
You bite the peacekeeper, but do no damage.
The peacekeeper is moderately damaged.
You block the peacekeeper's attack.
The peacekeeper claws you but does no damage.
You block the entropy weaver's attack. x2
The entropy weaver barely misses you.
The entropy weaver hits you but does no damage.
You hit the peacekeeper but do no damage.
The peacekeeper is moderately damaged.
The peacekeeper bites you!
* * * LOW HITPOINT WARNING * * *
The peacekeeper claws you.
* * * LOW HITPOINT WARNING * * *
Unknown command.
You hit the entropy weaver but do no damage.
The entropy weaver looks as sick as possible!
The entropy weaver is heavily wounded.
You block the entropy weaver's attack. The entropy weaver closely misses you.
The entropy weaver hits you!
You die...

.............# #.....
.............###.....
.............#.......
............#.#..... ... .#
. #....####.......... .. ..
. # #....# #.##.#..#.. ..
.#.###.##....####.##.#.....
. #.
.#.#.)...B...........#..##.
..#.##..
#...9@................
.......
#.......###........#.#
......# .....####.#
#......<.... .....<# /...
#.# #........#.# ......#
... #.. ...#####.#..
....... .. #....... .# #
..##.... # #........ .# .
#..... ...... ~# #...... ~~


You could see an entropy weaver (extremely poisoned) and a peacekeeper.

Vanquished Creatures
  Josephine (D:13)
  The ghost of Haina the Skirmisher, a journeyman SpHs of Fedhas (Lair:5)
  3 catoblepae (Lair:5)
  4 boulder beetles
  3 centaur warriors
  7 death yaks (Lair:5)
  7 two-headed ogres
  Urug (Lair:5)
  A hell knight (Volcano)
  2 skysharks (Lair:5)
  The ghost of redsdead the Cleaver, a novice CoBe of Trog (D:6)
  7 slime creatures
  3 ugly things
  3 cyclopes
  3 manticores
  An oklob plant (Lair:4)
  A merfolk siren (Lair:3)
  3 torpor snails
  6 elephants
  2 gargoyles
  A molten gargoyle (Lair:3)
  19 cane toads
  An unseen horror (D:10)
  6 rime drakes
  11 komodo dragons
  Psyche (D:9)
  7 yaktaurs
  4 trolls
  A queen bee (Lair:1)
  2 polar bears
  3 merfolk (Lair:3)
  6 blink frogs
  A hornet (D:9)
  A shadow (D:9)
  3 vampires
  4 wyverns
  62 yaks
  A water elemental (D:13)
  6 wraiths
  2 basilisks
  3 steam dragons
  9 vampire mosquitoes
  A warg (D:6)
  16 water moccasins
  3 acid dragons
  7 orc warriors
  An ice beast (D:8)
  2 black bears
  5 wolves (Lair:4)
  12 centaurs
  A phantom (D:7)
  2 gnoll sergeants
  13 bullfrogs
  2 scorpions
  8 wights
  34 killer bees
  5 howler monkeys
  4 electric eels
  3 lava snakes
  8 jellies
  A hound (D:7)
  A bombardier beetle (D:3)
  A gnoll bouda (D:7)
  8 orc priests
  A sleepcap (D:6)
  Natasha (thrice) (D:3)
  4 iguanas
  8 orc wizards
  A hell rat (Lair:5)
  2 adders
  17 gnolls
  2 shadow imps
  2 white imps
  2 ufetubi (D:6)
  A dart slug (D:3)
  3 ribbon worms
  43 orcs
  9 endoplasms
  5 giant cockroaches
  12 goblins
  3 hobgoblins
  2 jackals (D:4)
  2 quokkas
  5 ball pythons
  7 bats
  5 frilled lizards
  5 kobolds
  2 rats
498 creatures vanquished.

Vanquished Creatures (collateral kills)
  5 death yaks (Lair:5)
5 creatures vanquished.

Grand Total: 503 creatures vanquished

Notes
Turn   | Place    | Note
-------+----------+-------------------------------------------
     0 | D:1      | jejorda2 the Gnoll Berserker began the quest for the Orb.
     0 | D:1      | Reached XP level 1. HP: 23/23 MP: 1/1
   108 | D:1      | Reached XP level 2. HP: 29/29 MP: 2/2
   769 | D:2      | Reached ** piety under Trog
   804 | D:2      | Reached XP level 3. HP: 34/35 MP: 3/3
  1124 | D:2      | Reached skill level 1 in Invocations
  1318 | D:2      | Reached skill level 1 in Short Blades
  1318 | D:2      | Reached skill level 1 in Long Blades
  1318 | D:2      | Reached skill level 1 in Axes
  1318 | D:2      | Reached skill level 1 in Maces & Flails
  1318 | D:2      | Reached skill level 1 in Staves
  1318 | D:2      | Reached skill level 1 in Ranged Weapons
  1318 | D:2      | Reached skill level 1 in Throwing
  1318 | D:2      | Reached skill level 1 in Stealth
  1318 | D:2      | Reached skill level 1 in Shields
  1318 | D:2      | Reached skill level 1 in Unarmed Combat
  1318 | D:2      | Reached skill level 1 in Spellcasting
  1318 | D:2      | Reached skill level 1 in Evocations
  1579 | D:3      | Reached skill level 1 in Shapeshifting
  1579 | D:3      | Reached XP level 4. HP: 41/41 MP: 5/5
  1693 | D:3      | Identified the +1 whip "Nizxai" {vamp, Will+}
  1788 | D:3      | Found the +8 trident of the Octopus King {venom, rElec
                  | rPois}
  1856 | D:3      | Reached skill level 1 in Conjurations
  1856 | D:3      | Reached skill level 1 in Hexes
  1856 | D:3      | Reached skill level 1 in Summonings
  1856 | D:3      | Reached skill level 1 in Necromancy
  1856 | D:3      | Reached skill level 1 in Translocations
  1856 | D:3      | Reached skill level 1 in Fire Magic
  1856 | D:3      | Reached skill level 1 in Ice Magic
  1856 | D:3      | Reached skill level 1 in Air Magic
  1856 | D:3      | Reached skill level 1 in Earth Magic
  1856 | D:3      | Reached skill level 1 in Alchemy
  2025 | D:3      | Reached XP level 5. HP: 47/47 MP: 7/7
  2172 | D:3      | Found a faded altar of an unknown god.
  2227 | D:3      | Noticed Natasha
  2235 | D:3      | Killed Natasha
  2361 | D:3      | Noticed Natasha
  2364 | D:3      | Killed Natasha
  2365 | D:3      | Reached XP level 6. HP: 46/53 MP: 8/8
  2396 | D:3      | Noticed Natasha
  2400 | D:3      | Killed Natasha
  2400 | D:3      | Reached *** piety under Trog
  2401 | D:3      | Reached skill level 5 in Armour
  2401 | D:3      | Reached skill level 5 in Dodging
  2824 | D:4      | Reached skill level 7 in Polearms
  2824 | D:4      | Reached XP level 7. HP: 60/60 MP: 10/10
  3406 | D:5      | Entered Level 5 of the Dungeon
  3406 | D:5      | Found a shadowy altar of Dithmenos.
  3544 | D:5      | Reached XP level 8. HP: 67/67 MP: 12/12
  4177 | D:6      | Found a runed translucent gate.
  4177 | D:6      | Found a runed translucent gate.
  4178 | D:6      | Found a runed translucent gate.
  4183 | D:6      | Noticed redsdead's ghost (novice CoBe)
  4188 | D:6      | Identified the +1 plate armour of Corebiph {-Tele rElec
                  | rPois Regen+ Str-3}
  4210 | D:6      | Reached **** piety under Trog
  4284 | D:6      | Found a sacrificial altar of Ru.
  4457 | D:6      | Found a staircase to the Ecumenical Temple.
  4603 | D:6      | Found a roughly hewn altar of Beogh.
  4638 | D:6      | Killed redsdead's ghost
  4639 | D:6      | Reached XP level 9. HP: 74/74 MP: 13/15
  4786 | D:6      | Identified the +2 helmet "Vebyegh" {rElec Will+ Regen+}
  4828 | D:7      | Found an ancient bone altar of Kikubaaqudgha.
  4900 | D:7      | Reached skill level 8 in Polearms
  5014 | D:7      | Reached skill level 5 in Invocations
  5601 | D:8      | Found Garghoje's Lightly-Used Armoury.
  5773 | D:8      | Found a stormy altar of Qazlal.
  6062 | D:8      | Reached skill level 5 in Short Blades
  6062 | D:8      | Reached skill level 5 in Long Blades
  6062 | D:8      | Reached skill level 5 in Axes
  6062 | D:8      | Reached skill level 5 in Maces & Flails
  6062 | D:8      | Reached skill level 5 in Staves
  6062 | D:8      | Reached skill level 5 in Ranged Weapons
  6062 | D:8      | Reached skill level 5 in Throwing
  6062 | D:8      | Reached skill level 5 in Stealth
  6062 | D:8      | Reached skill level 5 in Shields
  6062 | D:8      | Reached skill level 5 in Unarmed Combat
  6062 | D:8      | Reached skill level 5 in Spellcasting
  6062 | D:8      | Reached skill level 5 in Evocations
  6062 | D:8      | Reached XP level 10. HP: 81/81 MP: 17/17
  6066 | D:8      | Reached ***** piety under Trog
  6124 | D:8      | Found a blossoming altar of Fedhas.
  6155 | D:8      | Found a snail-covered altar of Cheibriados.
  6223 | D:9      | You fall into a shaft and drop 3 floors!
  6311 | D:11     | Noticed a gargoyle
  6329 | D:11     | Killed a gargoyle
  6351 | D:10     | Entered Level 10 of the Dungeon
  6360 | D:10     | Reached skill level 5 in Shapeshifting
  6405 | D:10     | Noticed a red ugly thing
  6406 | D:10     | Noticed a gargoyle
  6440 | D:10     | Killed a gargoyle
  6529 | D:10     | Killed an unseen horror
  6643 | D:9      | Reached skill level 9 in Polearms
  6689 | D:9      | Noticed a two-headed ogre
  6695 | D:9      | Killed a two-headed ogre
  6696 | D:9      | Reached skill level 5 in Conjurations
  6696 | D:9      | Reached skill level 5 in Hexes
  6696 | D:9      | Reached skill level 5 in Summonings
  6696 | D:9      | Reached skill level 5 in Necromancy
  6696 | D:9      | Reached skill level 5 in Translocations
  6696 | D:9      | Reached skill level 5 in Fire Magic
  6696 | D:9      | Reached skill level 5 in Ice Magic
  6696 | D:9      | Reached skill level 5 in Air Magic
  6696 | D:9      | Reached skill level 5 in Earth Magic
  6696 | D:9      | Reached skill level 5 in Alchemy
  6696 | D:9      | Reached XP level 11. HP: 59/89 MP: 20/20
  6804 | D:9      | Noticed Psyche
  6812 | D:9      | Killed Psyche
  6859 | D:9      | Noticed a two-headed ogre
  6869 | D:9      | Killed a two-headed ogre
  7032 | D:9      | Found a staircase to the Lair.
  7325 | D:9      | Found a basalt altar of Yredelemnul.
  7920 | D:10     | Found an opulent altar of Gozag.
  7948 | D:10     | Found a glowing silver altar of Zin.
  8146 | D:10     | Killed a red ugly thing
  8246 | D:10     | Noticed a centaur warrior
  8262 | D:10     | Killed a centaur warrior
  8263 | D:10     | Reached XP level 12. HP: 27/97 MP: 22/22
  8330 | D:10     | Found a hazy altar of Hepliaklqana.
  8331 | D:10     | Found a bloodstained altar of Trog.
  8709 | D:11     | Noticed a two-headed ogre
  8715 | D:11     | Killed a two-headed ogre
  8716 | D:11     | Reached skill level 10 in Fighting
  8716 | D:11     | Reached skill level 10 in Polearms
  8781 | D:11     | Noticed a boulder beetle
  8794 | D:11     | Killed a boulder beetle
  9314 | D:12     | Noticed a two-headed ogre
  9314 | D:12     | Noticed a two-headed ogre
  9325 | D:12     | Killed a two-headed ogre
  9331 | D:12     | Killed a two-headed ogre
  9573 | D:12     | Noticed a two-headed ogre
  9587 | D:12     | Killed a two-headed ogre
  9644 | D:12     | Found a staircase to the Orcish Mines.
  9855 | D:12     | Noticed a two-headed ogre
  9863 | D:12     | Killed a two-headed ogre
 10127 | Lair:1   | Entered Level 1 of the Lair of Beasts
 10278 | Lair:1   | Identified a scroll of acquirement
 10278 | Lair:1   | Acquired a manual of Polearms
 10384 | Lair:1   | Identified the +2 cloak of Viny Satisfaction {rC++}
 10425 | Lair:1   | Reached XP level 13. HP: 104/104 MP: 25/25
 10425 | Lair:1   | Received a gift from Trog
 10802 | Lair:1   | Reached skill level 11 in Polearms
 11112 | Lair:2   | Found a dark tunnel.
 11129 | Volcano  | Entered a volcano
 11251 | Volcano  | Identified the +1 leather armour of Wyggo {+Inv rPois rC-
                  | Str+4}
 11651 | Lair:2   | Found a hole to the Spider Nest.
 12198 | Lair:3   | Found a staircase to the Shoals.
 12229 | Lair:3   | Reached skill level 10 in Armour
 12229 | Lair:3   | Reached skill level 10 in Dodging
 12583 | Lair:3   | Identified the +0 robe of Incorporation {+Inv rPois Str-2
                  | Int+2}
 13049 | Lair:3   | Reached skill level 12 in Polearms
 13049 | Lair:3   | Reached XP level 14. HP: 113/113 MP: 27/27
 13311 | Lair:4   | Reached skill level 10 in Invocations
 13337 | Lair:4   | Received a gift from Trog
 14186 | Lair:5   | Entered Level 5 of the Lair of Beasts
 14251 | Lair:5   | Noticed Urug
 14265 | Lair:5   | Killed Urug
 14695 | Lair:5   | Found a staircase to the Slime Pits.
 14699 | Lair:5   | Found a viscous altar of Jiyva.
 14797 | Lair:5   | Noticed Haina's ghost (journeyman SpHs)
 14814 | Lair:5   | Found a runed translucent gate.
 14814 | Lair:5   | Found a runed translucent gate.
 14816 | Lair:5   | Found a runed translucent gate.
 15111 | Lair:5   | Reached skill level 13 in Polearms
 15119 | Lair:5   | Received a gift from Trog
 15372 | Lair:5   | Identified the ring "Zaytev" {rN+ Int+6 Slay+2 SInv}
 15530 | Lair:5   | Reached skill level 10 in Short Blades
 15530 | Lair:5   | Reached skill level 10 in Long Blades
 15530 | Lair:5   | Reached skill level 10 in Axes
 15530 | Lair:5   | Reached skill level 10 in Maces & Flails
 15530 | Lair:5   | Reached skill level 10 in Staves
 15530 | Lair:5   | Reached skill level 10 in Ranged Weapons
 15530 | Lair:5   | Reached skill level 10 in Throwing
 15530 | Lair:5   | Reached skill level 10 in Stealth
 15530 | Lair:5   | Reached skill level 10 in Shields
 15530 | Lair:5   | Reached skill level 10 in Unarmed Combat
 15530 | Lair:5   | Reached skill level 10 in Spellcasting
 15530 | Lair:5   | Reached skill level 10 in Evocations
 15821 | Lair:5   | Killed Haina's ghost
 15822 | Lair:5   | Reached XP level 15. HP: 120/120 MP: 29/29
 16231 | D:13     | Noticed Josephine
 16241 | D:13     | Killed Josephine
 17091 | D:14     | HP: 9/180 [peacekeeper (13)]
 17092 | D:14     | Slain by an entropy weaver

Illustrated notes

Levels and vault maps discovered:
D:1:      dpeg_arrival_renting, layout_basic, roderic_lattice_a
D:2:      layout_basic, nicolae_wormholes
D:3:      layout_basic, chequers_ecumenical_altar_grove, uniq_natasha
D:4:      layout_loops_corners, minmay_unequal
D:5:      layout_cave_pools, overflow_temple_1_default
D:6:      layout_rooms, mainiacjoe_overflow_chevrons,
          minmay_temple_entry_arrows, biasface_ghost_orc_armoury
D:7:      layout_cave_pools, mainiacjoe_overflow_catwalk
D:8:      layout_gridville, lemuel_coloured_pillars_altar,
          mainiacjoe_overflow_catch_the_wave, grunt_decor_junction,
          minmay_shop_damaged
D:9:      minmay_evil_eye, layout_basic, mainiacjoe_overflow_six_doors_small,
          grunt_lair_entry_orc_guard_hut, dk_rats_in_the_wall, uniq_psyche
D:10:     layout_long_grid, pdpol_temple_overflow_zin_treasury_gozag_greed,
          grunt_temple_overflow_open, grunt_tough_drop
D:11:     layout_basic, minmay_diced_spiral
D:12:     layout_loops_cross, david_orc_4
D:13:     layout_irregular_city, corexii_corridor_pit, serial_bayou_ford_a,
          uniq_josephine
D:14:     layout_basic, hellmonk_vaults_order_and_chaos,
          nicolae_trove_entry_crossroad, kennysheep_generic_room_11
Lair:1:   layout_gridlike, special_room [special_room_bee], serial_bayou_shore_a
Lair:2:   layout_roguey, spider_nest_entry_web_field,
          nicolae_volcano_entry_s_turn, infiniplex_staircase_pool_2,
          grunt_megastairs_4
Lair:3:   layout_gridlike, elwin_shoals_entry_stream, beast_lair_carwin_5
Lair:4:   layout_hall_layers
Lair:5:   evilmike_catoblepas_cave, layout_cave_pods,
          nicolae_slime_entry_field_trip, gammafunk_ghost_split, pond,
          serial_bayou_shore_b, uniq_urug

Skill      XL: |  1  2  3  4  5  6  7  8  9 10 11 12 13 14 15 |
---------------+----------------------------------------------+-----
Invocations    | 1 2 3 4 5 6 7 8 9 10 11 | 11.2
Short Blades   | 1 2 3 4 5 6 7 8 9 10 | 10.3
Long Blades    | 1 2 3 4 5 6 7 8 9 10 | 10.3
Axes           | 1 2 3 4 5 6 7 8 9 10 | 10.3
Maces & Flails | 1 2 3 4 5 6 7 8 9 10 | 10.3
Staves         | 1 2 3 4 5 6 7 8 9 10 | 10.3
Ranged Weapons | 1 2 3 4 5 6 7 8 9 10 | 10.3
Throwing       | 1 2 3 4 5 6 7 8 9 10 | 10.3
Stealth        | 1 2 3 4 5 6 7 8 9 10 | 10.3
Shields        | 1 2 3 4 5 6 7 8 9 10 | 10.3
Unarmed Combat | 1 2 3 4 5 6 7 8 9 10 | 10.3
Spellcasting   | 1 2 3 4 5 6 7 8 9 10 | 10.3
Evocations     | 1 2 3 4 5 6 7 8 9 10 | 10.3
Shapeshifting  | 1 2 3 4 5 6 7 8 9 |  9.4
Conjurations   | 1 2 3 4 5 6 7 8 |  8.6
Hexes          | 1 2 3 4 5 6 7 8 |  8.6
Summonings     | 1 2 3 4 5 6 7 8 |  8.6
Necromancy     | 1 2 3 4 5 6 7 8 |  8.6
Translocations | 1 2 3 4 5 6 7 8 |  8.6
Fire Magic     | 1 2 3 4 5 6 7 8 |  8.6
Ice Magic      | 1 2 3 4 5 6 7 8 |  8.6
Air Magic      | 1 2 3 4 5 6 7 8 |  8.6
Earth Magic    | 1 2 3 4 5 6 7 8 |  8.6
Alchemy        | 1 2 3 4 5 6 7 8 |  8.6
Armour         | 5 6 7 8 9 10 11 | 11.2
Dodging        | 5 6 7 8 9 10 11 | 11.2
Fighting       | 7 8 9 10 11 12 | 12.1
Polearms       | 7 8 9 10 12 13 | 13.6

Action                     |  1- 3 |  4- 6 |  7- 9 | 10-12 | 13-15 || total
---------------------------+-------+-------+-------+-------+-------++-------
  Melee: Spear             |   136 |    10 |       |       |       ||   146
         Bite              |     4 |     2 |    20 |    68 |   156 ||   250
         Trident           |       |    56 |   209 |   563 |  1066 ||  1894
  Throw: Javelin           |       |     2 |       |       |     6 ||     8
         Dart              |       |       |       |    21 |    26 ||    47
         Boomerang         |       |       |       |     3 |       ||     3
 Invoke: Berserk           |     1 |     2 |     2 |    12 |    15 ||    32
         Trog's Hand       |       |       |     1 |     2 |     5 ||     8
         Brothers in Arms  |       |       |       |       |     2 ||     2
  Evoke: Wand              |       |       |       |     2 |       ||     2
    Use: Scroll            |       |       |    18 |     6 |     8 ||    32
         Potion            |       |       |       |       |     1 ||     1
 Armour: Animal skin       |     7 |       |       |       |       ||     7
         Scale mail        |    31 |    25 |    54 |       |       ||   110
         Ring mail         |     1 |       |       |       |       ||     1
         Plate armour      |       |       |    64 |   283 |   480 ||   827
  Dodge: Dodged            |    39 |    14 |    61 |   160 |   421 ||   695
  Block: Buckler           |       |       |    30 |   142 |    56 ||   228
         Kite shield       |       |       |     2 |       |   476 ||   478
         Reflection        |       |       |       |       |     6 ||     6

Table legend: (Time is in decaauts)
 A = Elapsed time spent in this place.
 B = Non-inter-level travel time spent in this place.
 C = Inter-level travel time spent in this place.
 D = Time resting spent in this place.
 E = Time spent auto-exploring this place.
 F = Levels seen in this place.
 G = Mean time per level.
                   A        B        C        D        E       F      G
               +--------+--------+--------+--------+--------+-----+--------+
         Total |  17007 |  15975 |   1032 |   1181 |  11124 |  20 |  850.3 |
       Dungeon |  11194 |  10515 |    679 |    707 |   7633 |  14 |  799.6 |
          Lair |   5579 |   5226 |    353 |    474 |   3418 |   5 | 1115.8 |
       Volcano |    233 |    233 |      0 |      0 |     72 |   1 |  233.0 |
               +--------+--------+--------+--------+--------+-----+--------+

Top non-repeatable levels by time:
  Lair:5: 1582 daAuts
     D:9: 1276 daAuts
  Lair:3: 1132 daAuts
    D:10: 1041 daAuts
  Lair:2: 1014 daAuts
  Lair:4: 967 daAuts
     D:3: 958 daAuts
    D:13: 951 daAuts
     D:4: 924 daAuts
  Lair:1: 883 daAuts
    D:12: 813 daAuts
    D:11: 808 daAuts
     D:5: 795 daAuts
     D:2: 772 daAuts
     D:1: 750 daAuts
